 Dungeon Crawl Stone Soup version 0.24.0-13-gcf9b319 (webtiles) character file.

Game seed: 3807825728279183684, levelgen mode: deterministic

58760 Golfball the Basher (level 14, -5/90 HPs)
             Began as a Gargoyle Monk on May 21, 2020.
             Was a High Priest of Qazlal.
             Slain by an orc warrior
             ... wielding a cursed -3 battleaxe
              (14 damage)
             ... on level 2 of the Orcish Mines.
             The game lasted 01:21:32 (20551 turns).

Golfball the Basher (Gargoyle Monk)                Turns: 20551, Time: 01:21:32

Health: -5/90      AC: 31    Str: 19    XL:     14   Next: 92%
Magic:  14/20      EV: 15    Int: 12    God:    Qazlal [*****.]
Gold:   1266       SH: 21    Dex: 18    Spells: 13/13 levels left

rFire    + . .     SeeInvis .   a - +4 morningstar (freeze)
rCold    . . .     Gourm    +   T - +1 shield
rNeg     + . .     Faith    .   V - +2 scale mail {rF+}
rPois    ∞         Spirit   .   D - +1 helmet
rElec    +         Reflect  .   P - +1 cloak {rPois}
rCorr    .         Harm     .   d - +1 pair of gloves
MR       +....                  g - +1 pair of boots
Stlth    +.........             L - amulet of the gourmand
HPRegen  0.25/turn              r - +5 ring of evasion
MPRegen  0.17/turn              Q - +6 ring of dexterity

@: grasped by roots, constricted, repel missiles
A: big wings, blurry vision 1, negative energy resistance 1, electricity
resistance, unbreathing, petrification resistance, rot immunity, AC +10
a: Fly, Upheaval, Elemental Force, Disaster Area, Renounce Religion


You were on level 2 of the Orcish Mines.
You worshipped Qazlal.
Qazlal was extremely pleased with you.
You were very full.

You visited 3 branches of the dungeon, and saw 19 of its levels.
You also visited: Gauntlet.

You collected 1392 gold pieces.
You spent 126 gold pieces at shops.

Inventory:

Hand Weapons
 a - a +4 morningstar of freezing (weapon)
 b - a +0 fustibalus
 w - a +0 war axe
 Y - a +2 flail of holy wrath
Missiles
 e - 495 stones (quivered)
 j - 156 sling bullets
 y - 22 silver javelins
Armour
 d - a +1 pair of gloves (worn)
 g - a +1 pair of boots (worn)
 D - a +1 helmet (worn)
 P - a +1 cloak of poison resistance (worn)
 T - a +1 shield (worn)
 V - a +2 scale mail of fire resistance (worn)
Jewellery
 r - a +5 ring of evasion (left hand)
 E - an uncursed ring of protection from magic
 K - the amulet "Tumost" {+Rage Dex+3}
   (You found it in a Gauntlet)

   [amulet of rage]

   It affects your dexterity (+3).
   It lets you go berserk.
 L - an amulet of the gourmand (around neck)
 Q - a +6 ring of dexterity (right hand)
 X - an uncursed amulet of harm {unknown}
Wands
 n - a wand of digging (5)
 p - a wand of scattershot (4)
 A - a wand of random effects (8)
 B - a wand of polymorph (9)
 G - a wand of acid (6)
 J - a wand of disintegration (12)
 N - a wand of iceblast (17)
 O - a wand of clouds (5)
 Z - a wand of paralysis (10)
Scrolls
 m - 2 scrolls of enchant armour
 o - a scroll of summoning
 q - 6 scrolls of teleportation
 u - 8 scrolls of remove curse
 v - 2 scrolls of blinking
 H - 2 scrolls of magic mapping
 S - 2 scrolls of fear
Potions
 f - a potion of might
 h - 5 potions of agility
 i - a potion of mutation
 k - 6 potions of brilliance
 l - 2 potions of magic
 s - 2 potions of heal wounds
 t - 3 potions of lignification
 x - 3 potions of ambrosia
 z - 15 potions of curing
 C - a potion of cancellation
 I - a potion of resistance
 R - a potion of berserk rage {unknown}
 U - a potion of haste
Miscellaneous
 M - a lightning rod (4/4)
 W - a phantom mirror
Comestibles
 c - 54 rations
 F - 14 chunks of flesh


   Skills:
 - Level 11.0 Fighting
 - Level 7.7(10.9) Axes
 - Level 13.1(14.0) Maces & Flails
 - Level 11.0 Armour
 + Level 6.1 Dodging
 - Level 2.1 Stealth
 - Level 11.0 Shields
 + Level 8.2 Invocations
 - Level 6.0 Evocations


You had 13 spell levels left.
You didn't know any spells.
Your spell library contained the following spells:

 Spells                   Type           Power        Failure   Level  Hunger
 Flame Tongue             Conj/Fire      #....        80%         1    ##.....
 Summon Butterflies       Summ           #.......     80%         1    ##.....
 Blink                    Tloc           N/A          90%         2    ###....
 Shroud of Golubria       Chrm/Tloc      #.....       90%         2    ###....
 Throw Flame              Conj/Fire      #.....       90%         2    ###....
 Call Canine Familiar     Summ           #.......     99%         3    ####...
 Conjure Flame            Conj/Fire      #.......     99%         3    ####...
 Gell's Gravitas          Tloc           #.........   99%         3    ####...
 Ignite Poison            Fire/Tmut/Pois #.......     99%         3    ####...
 Inner Flame              Hex/Fire       #.......     99%         3    ####...
 Lesser Beckoning         Tloc           #.........   99%         3    ####...
 Teleport Other           Tloc           #.......     99%         3    ####...
 Passage of Golubria      Tloc           N/A          100%        4    #####..
 Sticky Flame             Conj/Fire      #.......     100%        4    #####..
 Summon Ice Beast         Ice/Summ       #.......     100%        4    #####..
 Fireball                 Conj/Fire      #.........   100%        5    ######.
 Summon Mana Viper        Hex/Summ       #.......     100%        5    ######.
 Bolt of Fire             Conj/Fire      #.........   100%        6    #######
 Ring of Flames           Chrm/Fire      #.........   100%        7    #######
 Summon Hydra             Summ           #.........   100%        7    #######
 Ignition                 Fire           #.........   100%        8    #######


Dungeon Overview and Level Annotations

Branches:
Dungeon (11/15)            Temple (0/1) D:4            Lair (6/6) D:11
  Swamp (0/4) Lair:4       Spider (0/4) Lair:3        Slime (0/5) Lair:5
    Orc (2/2) D:9         Gauntlet (visited)
    Elf: Orc:2

Altars:
Fedhas
Gozag
Makhleb
Qazlal
Yredelemnul
The Shining One
Jiyva

Shops:
Orc:1 }}

Annotations:
Lair:2 1 runed translucent door, SpoonFarmer's ghost, journeyman DrCj
Orc:2 Jorgrun


Innate Abilities, Weirdness & Mutations

You are resistant to torment.
Your stone body is resilient. (AC +10)
You are immune to poison.
Your large and strong wings let you fly indefinitely.
You resist negative energy. (rN+)
You are resistant to electric shocks. (rElec)
You can survive without breathing.
You are immune to petrification.
You are immune to rotting.
Scrolls take you a little longer to read.


Message History

The iron shot hits you!!
* * * LOW HITPOINT WARNING * * *
The grasping roots constrict you.
You miss Jorgrun.
Jorgrun is lightly wounded.
You hear a shout! x3
You block the warg's attack. You block the orc warrior's attack.
You hit Jorgrun. You freeze Jorgrun.
Jorgrun is lightly wounded.
You hear a shout!
Something hits you but does no damage. You block the warg's attack.
You block Jorgrun's attack.
* * * LOW HITPOINT WARNING * * *
The grasping roots constrict you.
You hit Jorgrun. You freeze Jorgrun.
Jorgrun is lightly wounded.
You hear a shout!
You block the warg's attack.
The orc warrior hits you with a cursed -3 battleaxe!
You die...

####...#..##
#.....# ..## #
##...<##...##...
###..#.........
#.#.........
###..........
##..°.....#≈..
#...☼o##.....#
##...h@{).....
###°ogh)..#.#
#o.o°......
#o[≈..≈.....
....).$......
..............
####...........
#.........≈.


You could see Jorgrun, an orc knight, 2 wargs, 3 orc warriors and an orc.

Vanquished Creatures
  Rupert (Lair:3)
  A stone giant (Orc:1)
  A minotaur (Gauntlet)
  A ghost crab (Gauntlet)
  6 hydras
  3 catoblepae (Lair:6)
  A two-headed ogre (D:8)
  11 death yaks (Lair:6)
  An orc high priest (Orc:2)
  An orb spider (Lair:3)
  3 manticores
  10 elephants
  A cyclops (Orc:1)
  7 black mambas
  A smoke demon (Gauntlet)
  Psyche (D:8)
  8 spiny frogs
  A molten gargoyle (Lair:2)
  A torpor snail (Lair:5)
  A rime drake (Lair:6)
  An ice devil (Gauntlet)
  11 komodo dragons
  A red devil (Gauntlet)
  A queen bee (D:10)
  2 tyrant leeches (Lair:4)
  2 trolls
  2 polar bears
  8 blink frogs (Lair:1)
  Prince Ribbit (D:7)
  5 dream sheep (Lair:6)
  5 hippogriffs
  2 wraiths
  49 yaks
  A shadow (D:11)
  2 wyverns
  2 basilisks (Lair:3)
  A warg (Orc:1)
  A swamp worm (Lair:4)
  An acid dragon (D:11)
  9 water moccasins
  9 porcupines
  9 orc warriors
  4 ice beasts
  6 phantoms
  3 sky beasts
  3 ogres
  2 necrophages (D:8)
  28 wolves (Lair:6)
  3 centaurs
  8 crocodiles
  An elf zombie (D:8)
  A big kobold (D:11)
  A gnoll sergeant (D:7)
  5 bullfrogs
  A wyvern zombie (D:7)
  An elf skeleton (D:8)
  4 scorpions
  29 killer bees
  A wight (D:8)
  4 howler monkeys
  4 electric eels (Lair:3)
  4 jellies
  3 bullfrog zombies
  6 crimson imps
  7 hounds
  10 orc priests
  2 bullfrog skeletons
  A centaur skeleton (D:9)
  2 human zombies (D:8)
  A quasit (D:10)
  A gnoll shaman (D:7)
  Crazy Yiuf (D:7)
  3 human skeletons (D:8)
  Natasha (twice) (D:4)
  4 iguanas
  14 orc wizards
  4 worker ants
  A hound skeleton (D:3)
  A mummy (D:8)
  A howler monkey zombie (D:6)
  17 gnolls
  10 adders
  7 shadow imps
  4 white imps (Gauntlet)
  An adder zombie (D:5)
  2 adder skeletons (D:4)
  4 worms
  4 dart slugs
  3 leopard geckos
  54 orcs
  10 bats
  7 giant cockroaches
  12 goblins
  11 hobgoblins
  8 jackals
  9 kobolds
  4 quokkas
  3 ball pythons
  6 frilled lizards
  A giant cockroach zombie (D:5)
  A jackal skeleton (D:4)
  A leopard gecko zombie (D:5)
  A quokka zombie (D:6)
  9 rats
552 creatures vanquished.

Vanquished Creatures (collateral kills)
  An ogre (D:11)
  A kobold (D:11)
2 creatures vanquished.

Vanquished Creatures (others)
  3 fungi
  14 plants
17 creatures vanquished.

Grand Total: 571 creatures vanquished

Notes
Turn   | Place    | Note
-------+----------+-------------------------------------------
     0 | D:1      | Golfball the Gargoyle Monk began the quest for the Orb.
     0 | D:1      | Reached XP level 1. HP: 14/14 MP: 1/1
   170 | D:1      | Reached XP level 2. HP: 17/19 MP: 2/2
   447 | D:1      | Reached XP level 3. HP: 24/24 MP: 3/3
  1474 | D:2      | Reached XP level 4. HP: 28/30 MP: 4/4
  1486 | D:2      | Reached skill level 4 in Maces & Flails
  1999 | D:3      | Reached skill level 5 in Fighting
  1999 | D:3      | Reached XP level 5. HP: 28/35 MP: 5/5
  2797 | D:3      | Found a stormy altar of Qazlal.
  2805 | D:3      | Became a worshipper of Qazlal Stormbringer
  2805 | D:3      | Reached * piety under Qazlal
  2805 | D:3      | Reached ** piety under Qazlal
  2980 | D:3      | Reached skill level 5 in Maces & Flails
  2995 | D:3      | Reached XP level 6. HP: 40/40 MP: 6/6
  3146 | D:4      | Noticed a phantom
  3153 | D:4      | Killed a phantom
  3226 | D:4      | Noticed a phantom
  3264 | D:4      | Killed a phantom
  3264 | D:4      | Reached XP level 7. HP: 34/47 MP: 7/7
  3616 | D:4      | Reached skill level 6 in Maces & Flails
  3910 | D:4      | Found a staircase to the Ecumenical Temple.
  4131 | D:4      | Noticed Natasha
  4140 | D:4      | Killed Natasha
  4226 | D:4      | Noticed Natasha
  4238 | D:4      | Killed Natasha
  4339 | D:5      | Entered Level 5 of the Dungeon
  4663 | D:5      | Reached skill level 1 in Invocations
  4744 | D:5      | Reached *** piety under Qazlal
  4744 | D:5      | Reached XP level 8. HP: 51/53 MP: 9/9
  4751 | D:5      | Reached skill level 7 in Maces & Flails
  4766 | D:5      | Reached skill level 1 in Armour
  5814 | D:6      | Reached skill level 5 in Invocations
  5862 | D:6      | Reached XP level 9. HP: 53/57 MP: 13/13
  5910 | D:6      | Reached skill level 5 in Armour
  6468 | D:7      | Noticed Prince Ribbit
  6475 | D:7      | Killed Prince Ribbit
  6932 | D:7      | Reached **** piety under Qazlal
  7041 | D:7      | Found a blossoming altar of Fedhas.
  7130 | D:7      | Reached skill level 1 in Shields
  7231 | D:7      | Found a burning altar of Makhleb.
  7231 | D:7      | Noticed a blizzard demon
  7410 | D:7      | Reached skill level 1 in Evocations
  7449 | D:7      | Found a runed translucent door.
  7450 | D:7      | Noticed Crazy Yiuf
  7457 | D:7      | Killed Crazy Yiuf
  7585 | D:8      | Noticed Psyche
  7586 | D:8      | Killed Psyche
  7586 | D:8      | Reached XP level 10. HP: 58/63 MP: 10/15
  7721 | D:8      | Reached skill level 5 in Shields
  8038 | D:8      | Found a basalt altar of Yredelemnul.
  8159 | D:9      | Noticed a two-headed ogre
  8189 | D:8      | Killed a two-headed ogre
  8189 | D:8      | Reached skill level 5 in Evocations
  8625 | D:9      | Found an opulent altar of Gozag.
  8718 | D:9      | Found a staircase to the Orcish Mines.
  9168 | D:10     | Entered Level 10 of the Dungeon
  9513 | D:10     | Reached XP level 11. HP: 51/68 MP: 16/16
  9527 | D:10     | Reached skill level 8 in Maces & Flails
 10085 | D:11     | Noticed a seven-headed hydra
 10111 | D:11     | Killed a seven-headed hydra
 10418 | D:11     | Found a glowing golden altar of the Shining One.
 10425 | D:11     | Noticed a manticore
 10442 | D:11     | Killed a manticore
 10442 | D:11     | Reached skill level 9 in Maces & Flails
 11511 | D:11     | Found a staircase to the Lair.
 11518 | Lair:1   | Entered Level 1 of the Lair of Beasts
 11548 | Lair:1   | Reached skill level 10 in Fighting
 11560 | Lair:1   | Reached skill level 10 in Maces & Flails
 11801 | D:11     | HP: 3/73 [spiny frog (8)]
 11805 | D:11     | Reached XP level 12. HP: 4/79 MP: 17/17
 11806 | D:11     | HP: 2/79 [porcupine (2)]
 12451 | Lair:1   | Reached ***** piety under Qazlal
 12451 | Lair:1   | Reached skill level 11 in Maces & Flails
 13487 | Lair:2   | Reached skill level 1 in Axes
 13684 | Lair:2   | Found a runed translucent door.
 13684 | Lair:2   | Noticed SpoonFarmer's ghost (journeyman DrCj)
 13684 | Lair:2   | Noticed a six-headed hydra
 14909 | Lair:3   | Found a hole to the Spider Nest.
 14989 | Lair:3   | Noticed Rupert
 15018 | Lair:3   | Paralysed by Rupert for 6 turns
 15022 | Lair:3   | HP: 1/80 [Rupert/+2 great sword of freezing (5)]
 15036 | Lair:3   | HP: 2/80 [Rupert/+2 great sword of freezing (5)]
 15048 | Lair:3   | Killed Rupert
 15048 | Lair:3   | Reached skill level 5 in Dodging
 15576 | Lair:3   | Reached skill level 5 in Axes
 15712 | Lair:3   | Reached XP level 13. HP: 84/84 MP: 19/19
 15899 | Lair:4   | Found a gate leading to a gauntlet.
 15909 | Gauntlet | Entered a Gauntlet
 15909 | Gauntlet | Found a large runed translucent door.
 15909 | Gauntlet | Found a large runed translucent door.
 15909 | Gauntlet | Found a large runed translucent door.
 15909 | Gauntlet | Found a large runed translucent door.
 15909 | Gauntlet | Found a large runed translucent door.
 15909 | Gauntlet | Found a large runed translucent door.
 15909 | Gauntlet | Found a runed translucent door.
 15909 | Gauntlet | Found a transporter.
 15909 | Gauntlet | Found a transporter.
 15909 | Gauntlet | Found a runed translucent door.
 15909 | Gauntlet | Found a large runed translucent door.
 15909 | Gauntlet | Found a large runed translucent door.
 15909 | Gauntlet | Found a large runed translucent door.
 15909 | Gauntlet | Found a large runed translucent door.
 15909 | Gauntlet | Found a large runed translucent door.
 15909 | Gauntlet | Found a large runed translucent door.
 15913 | Gauntlet | Found a large runed translucent door.
 15913 | Gauntlet | Found a large runed translucent door.
 15914 | Gauntlet | Found a runed translucent gate.
 15914 | Gauntlet | Found a runed translucent gate.
 15914 | Gauntlet | Found a runed translucent gate.
 15916 | Gauntlet | Found a transporter.
 15926 | Gauntlet | Found a large runed translucent door.
 15927 | Gauntlet | Found a large runed translucent door.
 15931 | Gauntlet | Found a transporter.
 15947 | Gauntlet | Found a transporter.
 15961 | Gauntlet | Found a transporter.
 16082 | Gauntlet | Found a transporter.
 16186 | Gauntlet | Found a transporter.
 16226 | Gauntlet | Got a pair of translucent gloves
 16237 | Gauntlet | Identified the -6 pair of gloves of Eternity {+Fly MR++}
                  | (You found it in a Gauntlet)
 16253 | Gauntlet | Found a transporter.
 16259 | Gauntlet | Found a transporter.
 16344 | Gauntlet | Noticed a minotaur
 16404 | Gauntlet | Killed a minotaur
 16593 | Gauntlet | Identified the amulet "Tumost" {+Rage Dex+3} (You found it
                  | in a Gauntlet)
 16594 | Gauntlet | Got a pair of slimy gloves
 16613 | Lair:4   | Identified the +2 pair of gloves "Noeckir" {*Contam rF- rC+
                  | Dex+5} (You found it in a Gauntlet)
 16638 | Lair:4   | Gained mutation: Scrolls take you a little longer to read.
                  | [mutagenic glow]
 16917 | Lair:4   | You fall into a shaft and drop 2 floors!
 16917 | Lair:6   | Entered Level 6 of the Lair of Beasts
 17047 | Lair:6   | Reached skill level 10 in Armour
 17138 | Lair:6   | Gained mutation: Your large and strong wings let you fly
                  | indefinitely. [Gargoyle growth]
 17138 | Lair:6   | Reached XP level 14. HP: 59/90 MP: 20/20
 17795 | Lair:4   | Reached skill level 12 in Maces & Flails
 17927 | Lair:4   | Found a staircase to the Swamp.
 18124 | Lair:5   | Reached ****** piety under Qazlal
 18422 | Lair:5   | Found a staircase to the Slime Pits.
 18423 | Lair:5   | Found a viscous altar of Jiyva.
 19042 | Lair:6   | Reached skill level 10 in Shields
 20156 | Orc:1    | Entered Level 1 of the Orcish Mines
 20165 | Orc:1    | Found Tif Rez's Gadget Shop.
 20174 | Orc:1    | Noticed a stone giant
 20187 | Orc:1    | Killed a stone giant
 20187 | Orc:1    | Reached skill level 13 in Maces & Flails
 20238 | Orc:1    | Bought a wand of disintegration (5) for 126 gold pieces
 20354 | Orc:1    | Found Xejaazio's Gadget Emporium.
 20388 | Orc:2    | Entered Level 2 of the Orcish Mines
 20388 | Orc:2    | Found Oxken's Armour Shoppe.
 20536 | Orc:2    | Noticed Jorgrun
 20551 | Orc:2    | Slain by an orc warrior

Levels and vault maps discovered:
D:1:      psy_arrival_conway, layout_loops_ring, minmay_pentomino_r4
D:2:      layout_loops_ring, first_ration, lightli_corner_chamber
D:3:      kennysheep_the_goblin_king, layout_loops_ring,
          nicolae_qazlal_eye_of_the_storm
D:4:      layout_basic, minmay_temple_entry_butterflies,
          serial_co_window_serial, co_window_of_opportunity_a,
          co_window_cross_1, co_window_paths_a, co_window_cross_1,
          co_window_paths_b, co_window_corner_a, co_window_of_opportunity_c,
          co_window_of_opportunity_b, co_window_corner_b,
          co_window_unsneaky_path_a, co_window_corner_b, co_window_corner_b,
          co_window_4corner_a, co_window_paths_d, glass_columns_a, uniq_natasha
D:5:      layout_basic, st_stairs_12
D:6:      layout_loops_ring, minmay_fractal_squares_diagonal_5
D:7:      layout_loops_ring, makhleb_altar_promises_db, minmay_misc_feat_rugged,
          grunt_ogre_cave, fedhas_altar_3, uniq_crazy_yiuf_cottage,
          uniq_prince_ribbit1
D:8:      layout_gridville, lemuel_mausoleum_altar_yredelemnul, uniq_psyche
D:9:      layout_cave_pods, orc_0_dummy, basic_altar
D:10:     layout_roguey [special_room_bee]
D:11:     layout_rooms, lair_entry_dummy, basic_altar, st_stairs_4, minivault_11
Lair:1:   layout_gridlike, grunt_megastairs_2
Lair:2:   layout_gridlike, ebering_ghost_inner_flame,
          infiniplex_staircase_pool_2, lemuel_fruit_tree
Lair:3:   layout_chaotic_city, nicolae_spider_entry_orb_guardian,
          disabler_island, serial_bayou_shore_a, uniq_rupert
Lair:4:   layout_roguey, minmay_swamp_entry_worms, gauntlet_entry_generic,
          infiniplex_staircase_pool
Lair:5:   layout_loops_ring, slime_altar_1
Lair:6:   evilmike_catoblepas_cave, layout_hall_layers,
          chequers_serial_rivers_large_b, grunt_forest_large_clearings
Orc:1:    layout_caves, serial_shops, nicolae_shop_behind_doors, shop_fountains
Orc:2:    st_orc_town, layout_diamond_mine, serial_shops, shop, uniq_jorgrun

Skill      XL: |  1  2  3  4  5  6  7  8  9 10 11 12 13 14 |
---------------+-------------------------------------------+-----
Fighting       | 4 5 6 7 10 11 | 11.0
Maces & Flails | 4 5 6 7 10 11 13 | 13.1
Invocations    | 1 5 7 8 |  8.2
Armour         | 4 7 11 | 11.0
Shields        | 4 7 11 | 11.0
Evocations     | 2 6 |  6.0
Dodging        | 5 6 |  6.1
Axes           | 5 7 |  7.7
Stealth        | |  2.1

Action                   |  1- 3 |  4- 6 |  7- 9 | 10-12 | 13-15 || total
-------------------------+-------+-------+-------+-------+-------++-------
Melee: Mace              |   151 |   111 |       |       |       ||   262
       Flail             |       |   114 |   452 |   861 |   176 ||  1603
       Morningstar       |       |       |       |       |   491 ||   491
       War axe           |       |       |       |       |    58 ||    58
 Fire: Hunting sling     |       |     8 |     6 |    17 |       ||    31
       Fustibalus        |       |       |       |       |     3 ||     3
Invok: Upheaval          |       |       |     1 |     4 |     1 ||     6
       Elemental Force   |       |       |       |     1 |       ||     1
       Disaster Area     |       |       |       |       |     1 ||     1
Evoke: Wand              |       |       |       |     2 |       ||     2
  Use: Scroll            |       |     7 |     8 |    21 |     7 ||    43
       Potion            |       |       |     2 |     5 |     3 ||    10
 Stab: Sleeping          |     3 |     1 |       |       |       ||     4
  Eat: Chunk             |     2 |     6 |    24 |    26 |    17 ||    75
       Ration            |       |       |     1 |       |       ||     1
Armor: Robe              |    16 |       |       |       |       ||    16
       Ring mail         |    48 |    27 |       |       |       ||    75
       Scale mail        |       |    44 |   192 |   364 |   213 ||   813
Dodge: Dodged            |    98 |   163 |   399 |   570 |   291 ||  1521
       Deflected         |       |       |     1 |     4 |     6 ||    11
Block: Other             |       |     1 |    64 |       |       ||    65
       Buckler           |       |       |    40 |   525 |       ||   565
       Shield            |       |       |       |    66 |   663 ||   729
